 Dungeon Crawl Stone Soup version 0.30-a0-859-gf88a04b62d (webtiles) character file.

Game seed: 11280170396912639883

15001 cheesebisquit the Earth Mage (level 12, 0/66 HPs)
             Began as a Gargoyle Earth Elementalist on Mar 6, 2023.
             Was a Priest of Vehumet.
             Slain by a reaper
             ... wielding a +2 scythe of freezing
              (9 damage)
             ... in an ice cave on Mar 7, 2023.
             The game lasted 00:38:07 (13387 turns).

cheesebisquit the Earth Mage (GrEE)                Turns: 13387, Time: 00:38:08

Health: 0/66       AC: 19    Str: 12    XL:     12   Next: 22%
Magic:  20/34      EV: 12    Int: 21    God:    Vehumet [***...]
Gold:   763        SH: 11    Dex: 10    Spells: 8/30 levels left

rFire   . . .      SeeInvis .    J - staff of earth
rCold   + . .      Faith    .    f - +2 buckler
rNeg    + . .      Spirit   .    a - +0 robe
rPois   ∞          Reflect  +    (no helmet)
rElec   +          Rampage  .    U - +2 cloak {rC+}
rCorr   .                        p - +2 pair of gloves
Will    .....                    A - +1 pair of boots
Stlth   ++                       m - amulet of reflection
HPRegen 0.31/turn                o - ring of magical power
MPRegen 0.24/turn                y - ring of wizardry

@: no status effects
A: sickness immunity, AC +8, negative energy resistance 1, electricity
resistance, torment resistance 1, petrification resistance
a: Renounce Religion


You were in an ice cave.
You worshipped Vehumet.
Vehumet was most pleased with you.
You visited 2 branches of the dungeon, and saw 13 of its levels.
You also visited: Ice Cave.

You collected 763 gold pieces.

Inventory:

Hand Weapons
 t - a +4 heavy flail
 R - a +1 eveningstar
Missiles
 c - 15 poisoned darts
 H - a curare-tipped dart
 I - a throwing net
Armour
 a - a +0 robe (worn)
 f - a +2 buckler (worn)
 p - a +2 pair of gloves (worn)
 A - a +1 pair of boots (worn)
 F - +0 swamp dragon scales
 U - a +2 cloak of cold resistance (worn)
Magical Staves
 J - a staff of earth (weapon)
Jewellery
 d - a +6 ring of strength
 k - the ring "Wyr Defi" {Str+5 SInv Stlth+}
   (You acquired it on level 8 of the Dungeon)

   [ring of see invisible]

   Str:       It affects your strength (+5).
   SInv:      It lets you see invisible.
   Stlth:     It makes you more stealthy.
 m - an amulet of reflection (around neck)
 o - a ring of magical power (left hand)
 y - a ring of wizardry (right hand)
 C - a +5 ring of evasion
 D - the ring "Wibuggus" {Wiz rN+ rCorr}
   (You took it off a meliai on level 11 of the Dungeon)

   [ring of wizardry]

   It improves your spell success rate.
   rN:        It protects you from negative energy.
   rCorr:     It protects you from acid and corrosion.
 S - a ring of resist corrosion
Wands
 g - a wand of digging (7)
 K - a wand of flame (12)
 M - a wand of iceblast (5)
Scrolls
 e - 3 scrolls of teleportation
 j - a scroll of noise {unknown}
 q - a scroll of summoning {unknown}
 r - a scroll of vulnerability {unknown}
 s - 2 scrolls of immolation
 v - 2 scrolls of magic mapping
 z - a scroll of torment {unknown}
 B - a scroll of silence {unknown}
 G - a scroll of poison
 P - a scroll of fog {unknown}
 Q - a scroll of fear {unknown}
Potions
 h - 3 potions of berserk rage
 i - a potion of resistance
 l - a potion of brilliance
 u - a potion of experience {unknown}
 E - a potion of mutation {unknown}
 L - a potion of lignification {unknown}
 N - a potion of curing
 O - 2 potions of flight


   Skills:
 + Level 3.9 Fighting
 + Level 3.5 Staves
 + Level 4.0 Armour
 + Level 3.5 Dodging
 - Level 2.1 Stealth
 + Level 3.9 Shields
 + Level 9.6 Spellcasting
 - Level 0.7 Transmutations
 + Level 16.5 Earth Magic
 + Level 3.4 Evocations


You had 8 spell levels left.
You knew the following spells:

 Your Spells              Type           Power      Damage    Failure   Level
a - Sandblast             Erth           100%       2d20      0%          1
b - Stone Arrow           Conj/Erth      100%       3d13      1%          3
c - Passwall              Tmut/Erth      51%        N/A       1%          2
d - Petrify               Tmut/Erth      62%        N/A       1%          4
e - Animate Armour        Summ/Erth      100%       N/A       1%          4
f - Lehudib's Crystal Sp  Conj/Erth      30%        10d8      80%         8

Your spell library contained the following spells:

 Spells                   Type           Power      Damage    Failure   Level
 Iskenderun's Mystic Bla  Conj/Tloc      10%        2d4       10%         4
 Poisonous Vapours        Pois/Air       20%        N/A       1%          2
 Beastly Appendage        Tmut           26%        N/A       2%          1
 Sting                    Tmut/Pois      44%        1d5       3%          1
 Ignite Poison            Fire/Tmut/Pois 11%        N/A       3%          3
 Wereblood                Tmut           13%        N/A       4%          2
 Spider Form              Tmut/Pois      11%        N/A       9%          3
 Olgreb's Toxic Radiance  Pois           10%        N/A       10%         4
 Sticky Flame             Conj/Fire      10%        2d3       10%         4
 Summon Guardian Golem    Hex/Summ       10%        N/A       11%         3
 Orb of Destruction       Conj           5%         9d5       99%         7
 Spellforged Servitor     Conj/Summ      5%         N/A       99%         7
 Ignition                 Fire           5%         3d4       100%        8


Dungeon Overview and Level Annotations

Branches:
Dungeon (12/15)            Temple (1/1) D:6            Lair (0/5) D:9
    Orc (0/2) D:10          IceCv (1/1)

Altars:
Ashenzari
Cheibriados
Dithmenos
Elyvilon
Fedhas
Gozag
Hepliaklqana
Kikubaaqudgha
Makhleb
Nemelex Xobeh
Okawaru
Qazlal
Ru
Sif Muna
Trog
Uskayaw
Vehumet
Wu Jian
Xom
Yredelemnul
Zin
The Shining One

Shops:
D:3 [   D:6 =

Annotations:
D:3 3 runed translucent doors, Juicyj's ghost, amateur DECj


Innate Abilities, Weirdness & Mutations

You are immune to sickness and miasma.
Your stone body is resilient. (AC +8)
You are immune to poison.
You resist negative energy. (rN+)
You are resistant to electric shocks. (rElec)
You are resistant to unholy torment.
You are immune to petrification.


Message History

Vehumet accepts your kill.
You feel your power returning.
You start resting.
Magic restored.
You start resting.
HP restored.
You start waiting.
A death yak simulacrum is nearby!
You feel a surge of power!
The stone arrow hits the death yak simulacrum!
The death yak simulacrum is moderately damaged.
You feel a surge of power!
The stone arrow hits the death yak simulacrum!
The death yak simulacrum is severely damaged.
You feel a surge of power!
The stone arrow hits the death yak simulacrum!
The death yak simulacrum vaporises!
Vehumet accepts your kill.
You feel your power returning.
Your Armour skill increases to level 4!
You start resting.
Magic restored.
A reaper is nearby!
You feel a surge of power!
The stone arrow misses the reaper.
You feel a surge of power!
The stone arrow hits the reaper!!
The reaper is moderately wounded.
You feel a surge of power!
The stone arrow hits the reaper.
The reaper is moderately wounded.
You block the reaper's attack.
You feel a surge of power!
The stone arrow hits the reaper!
The reaper is heavily wounded.
The reaper hits you from afar with a +2 scythe of freezing!!
The reaper freezes you.
You feel a surge of power!
The stone arrow hits the reaper!
The reaper is heavily wounded.
The reaper hits you from afar with a +2 scythe of freezing!!!
Ouch! That really hurt!
* * * LOW HITPOINT WARNING * * *
The reaper freezes you!
You die...

#........# #...###.##
###.......###..####..#
#§.#.#.°...#..##).#..##
#§§#.##○.....##[..##..#
#§§#§.###§§○###....#..#
#.§§§§...#.#○# #....##..
#....§§...#§§○# ##....#..
#..####..☼#§○§# ##.#.##..
..§§§....@.2§§°# #..###...
.#☼☼○§§...§§#§☼###...##..#
#§##☼#.#..##..#.#.......#
#☼ #.##.#........#...## #.
#....#..#..#..## ..
##..##.##..####
.......####..## #......##
##...# ##.....# #...##


You could see a reaper.

Vanquished Creatures
  Erica (D:8)
  2 two-headed ogres (D:9)
  A cyclops (D:11)
  A manticore (D:11)
  2 ice statues (IceCv)
  A freezing wraith (D:12)
  7 ice devils (IceCv)
  Maggie (D:7)
  4 trolls
  3 meliai (D:11)
  Grinder (D:3)
  A hornet (D:9)
  2 wyverns
  2 wraiths
  A dire elephant simulacrum (IceCv)
  5 yaks (D:12)
  2 steam dragons (D:7)
  7 vampire mosquitoes
  2 death yak simulacra (IceCv)
  A harpy simulacrum (IceCv)
  3 water moccasins
  8 orc warriors
  A sky beast (D:7)
  2 ice beasts
  4 black bears
  5 centaurs
  2 phantoms
  A kobold brigand (D:7)
  6 bullfrogs
  2 gnoll sergeants
  4 two-headed ogre simulacra (IceCv)
  2 cane toad simulacra (IceCv)
  A scorpion (D:6)
  2 elephant simulacra (IceCv)
  4 howler monkeys
  4 hounds
  3 lava snakes (D:11)
  8 orc priests
  2 gnoll boudas
  A jelly (D:5)
  A sleepcap (D:7)
  Terence (D:2)
  Jessica (D:2)
  2 iguanas
  Natasha (thrice) (D:2)
  8 orc wizards
  4 troll simulacra (IceCv)
  A polar bear simulacrum (IceCv)
  A hound zombie (D:3)
  7 adders
  18 gnolls
  2 naga simulacra (IceCv)
  2 white imps
  2 ufetubi
  An adder zombie (D:3)
  A worm (D:3)
  2 dart slugs (D:4)
  48 orcs
  3 endoplasms
  2 giant cockroaches
  4 hobgoblins
  10 kobolds
  A quokka (D:5)
  3 ball pythons
  4 bats (D:1)
  A frilled lizard (D:1)
  3 goblins
248 creatures vanquished.

Vanquished Creatures (others)
  18 fungi (D:8)
  6 plants
  4 withered plants (D:3)
28 creatures vanquished.

Grand Total: 276 creatures vanquished

Notes
Turn   | Place    | Note
-------+----------+-------------------------------------------
     0 | D:1      | cheesebisquit the Gargoyle Earth Elementalist began the
                  | quest for the Orb.
     0 | D:1      | Reached XP level 1. HP: 10/10 MP: 3/3
   311 | D:1      | Reached skill level 4 in Earth Magic
   390 | D:1      | Reached XP level 2. HP: 15/15 MP: 3/5
  1067 | D:2      | Noticed Jessica
  1080 | D:2      | Killed Jessica
  1081 | D:2      | Reached XP level 3. HP: 19/19 MP: 3/6
  1324 | D:2      | Reached skill level 5 in Earth Magic
  1362 | D:2      | Reached XP level 4. HP: 24/24 MP: 5/8
  1482 | D:2      | Noticed Natasha
  1486 | D:2      | Killed Natasha
  1555 | D:2      | Noticed Natasha
  1559 | D:2      | Killed Natasha
  1585 | D:2      | Noticed Natasha
  1592 | D:2      | Killed Natasha
  1593 | D:2      | Reached skill level 6 in Earth Magic
  1593 | D:2      | Reached XP level 5. HP: 28/28 MP: 4/9
  1764 | D:2      | Noticed Terence
  1805 | D:2      | Killed Terence
  1957 | D:3      | Found a hide-covered altar of Uskayaw.
  1999 | D:3      | Found a faded altar of an unknown god.
  2081 | D:3      | Found Fuhatom's Antique Armour Shop.
  2428 | D:3      | Found a basalt altar of Yredelemnul.
  2508 | D:3      | Found a runed translucent gate.
  2508 | D:3      | Found the +5 Storm Queen's Shield {shock, Fly rElec}
  2509 | D:3      | Found a runed translucent gate.
  2509 | D:3      | Noticed Juicyj's ghost (amateur DECj)
  2510 | D:3      | Found a runed translucent gate.
  2511 | D:3      | Identified the +3 scale mail "Kaommor" {rF+ rC+ rCorr}
  2590 | D:3      | Noticed Grinder
  2591 | D:3      | Paralysed by Grinder for 3 turns
  2597 | D:3      | Paralysed by Grinder for 2 turns
  2608 | D:3      | Killed Grinder
  2609 | D:3      | Reached skill level 7 in Earth Magic
  2609 | D:3      | Reached XP level 6. HP: 19/32 MP: 12/12
  2613 | D:3      | Learned a level 3 spell: Stone Arrow
  2616 | D:3      | Learned a level 2 spell: Passwall
  2621 | D:3      | Learned a level 4 spell: Petrify
  3110 | D:4      | Reached XP level 7. HP: 36/36 MP: 13/13
  3501 | D:4      | Reached skill level 8 in Earth Magic
  3535 | D:4      | Identified the +9 hand axe of Cheibriados's Envy {elec, rC-
                  | Int+5}
  3796 | D:4      | Learned a level 4 spell: Animate Armour
  3807 | D:5      | Entered Level 5 of the Dungeon
  3832 | D:5      | Identified the +11 war axe "Vora Aca" {freeze, *Rage Fly
                  | rElec Int-5}
  4009 | D:5      | Found a shimmering altar of Xom.
  4109 | D:5      | Found a glowing golden altar of the Shining One.
  4111 | D:5      | Found an ornate altar of the Wu Jian Council.
  4137 | D:5      | Reached skill level 9 in Earth Magic
  4176 | D:5      | Reached skill level 5 in Spellcasting
  4176 | D:5      | Reached XP level 8. HP: 41/41 MP: 15/15
  4675 | D:5      | Reached skill level 10 in Earth Magic
  4929 | D:5      | Found a shimmering blue altar of Sif Muna.
  5076 | D:6      | Found a stormy altar of Qazlal.
  5362 | D:6      | Found a staircase to the Ecumenical Temple.
  5366 | D:6      | Reached skill level 11 in Earth Magic
  5381 | Temple   | Entered the Ecumenical Temple
  5450 | Temple   | Became a worshipper of Vehumet
  5555 | D:6      | Found Ulous's One-of-a-Kind Rings.
  5906 | D:6      | Reached XP level 9. HP: 45/45 MP: 18/18
  6254 | D:7      | Noticed Maggie
  6262 | D:7      | Killed Maggie
  6263 | D:7      | Reached skill level 12 in Earth Magic
  6674 | D:7      | Reached skill level 13 in Earth Magic
  6794 | D:7      | Found a hazy altar of Hepliaklqana.
  6894 | D:8      | Identified 2 scrolls of acquirement
  6894 | D:8      | Acquired a staff of earth
  6900 | D:8      | Acquired the ring "Wyr Defi" {Str+5 SInv Stlth+}
  6936 | D:8      | Reached * piety under Vehumet
  6936 | D:8      | Offered knowledge of Magic Dart by Vehumet.
  6946 | D:8      | Learned a level 8 spell: Lehudib's Crystal Spear
  7463 | D:7      | Reached XP level 10. HP: 13/50 MP: 21/21
  7698 | D:8      | Noticed Erica
  7709 | D:8      | Killed Erica
  7710 | D:8      | Reached skill level 14 in Earth Magic
  8172 | D:9      | Found a staircase to the Lair.
  8280 | D:9      | Noticed a two-headed ogre
  8293 | D:9      | Killed a two-headed ogre
  8294 | D:9      | Reached skill level 15 in Earth Magic
  8605 | D:9      | Noticed a two-headed ogre
  8612 | D:9      | Killed a two-headed ogre
  8825 | D:10     | Entered Level 10 of the Dungeon
  8847 | D:10     | Found an iron altar of Okawaru.
  8898 | D:10     | Reached XP level 11. HP: 47/54 MP: 23/23
  8991 | D:10     | Offered knowledge of Kiss of Death by Vehumet.
  8992 | D:10     | Reached ** piety under Vehumet
  9204 | D:10     | Reached skill level 1 in Fighting
  9204 | D:10     | Reached skill level 1 in Armour
  9204 | D:10     | Reached skill level 16 in Earth Magic
  9209 | D:10     | Reached skill level 1 in Staves
  9209 | D:10     | Reached skill level 1 in Shields
  9215 | D:10     | Reached skill level 1 in Evocations
  9548 | D:10     | Found a broken altar of Ashenzari.
  9551 | D:10     | Found a snail-covered altar of Cheibriados.
  9556 | D:10     | Found a burning altar of Makhleb.
  9681 | D:10     | Found a staircase to the Orcish Mines.
 10142 | D:11     | Noticed a manticore
 10150 | D:11     | Killed a manticore
 10488 | D:11     | Offered knowledge of Inner Flame by Vehumet.
 10729 | D:11     | Noticed a cyclops
 10744 | D:11     | Killed a cyclops
 11001 | D:11     | Identified the ring "Wibuggus" {Wiz rN+ rCorr}
 11466 | D:12     | Reached *** piety under Vehumet
 11715 | D:12     | Found a frozen archway.
 11725 | IceCv    | Entered an ice cave
 12234 | IceCv    | Reached XP level 12. HP: 64/64 MP: 25/25
 12249 | IceCv    | Offered knowledge of Iskenderun's Mystic Blast by Vehumet.
 12910 | IceCv    | Noticed a reaper
 12927 | IceCv    | HP: 2/66 [reaper/+2 scythe of freezing (2)]
 13387 | IceCv    | Slain by a reaper

Illustrated notes

Levels and vault maps discovered:
D:1:      eino_arrival_tree_alley, layout_loops_ring, serial_forest,
          infiniplex_forest_straight_4, infiniplex_forest_pool,
          infiniplex_forest_end_3, infiniplex_forest_zigzag_1,
          infiniplex_forest_zigzag_1, infiniplex_forest_zigzag_1,
          infiniplex_forest_clump_diagonal, infiniplex_forest_side_room,
          infiniplex_forest_clump_double
D:2:      layout_basic, uniq_terence, uniq_natasha, uniq_jessica
D:3:      layout_loops_cross, nicolae_uskayaw_dance_hall,
          lemuel_zombie_altar_yredelemnul, shapermc_ecumenical_altar_flowoftime,
          serial_shops, nicolae_shop_behind_doors, biasface_ghost_orc_armoury,
          uniq_grinder
D:4:      layout_basic, amcnicky_mini_pool_small
D:5:      layout_basic, marbit_many_paths, mainiacjoe_overflow_catwalk_spiral,
          mainiacjoe_overflow_cross_hatched, dk_noncrumbling_2
D:6:      layout_loops_ring, nicolae_qazlal_scattered_showers,
          minmay_temple_entry_overgrown, roderic_serpentine_path,
          nicolae_shop_unique_rings
D:7:      layout_cave_pools, nzn_hepliaklqana_mist_gate, minmay_misc_feat_roman,
          grunt_ministairs_12, uniq_maggie
D:8:      kennysheep_steamy, layout_cave_pools, uniq_erica
D:9:      layout_rooms, lair_entry_dummy, serial_curves, eino_curves_01,
          eino_curves_01
D:10:     layout_gridville, grunt_temple_overflow_diamond,
          mainiacjoe_overflow_brackets, hiddenorc1_lemuel
D:11:     layout_big_octagon, corexii_corridor_pit, fountainhead
D:12:     layout_basic, portal_ice_cave_entry_pillars_1
Temple:   cyrus_temple_forest
IceCv:    ice_cave_small_demon

Skill      XL: |  1  2  3  4  5  6  7  8  9 10 11 12 |
---------------+-------------------------------------+-----
Earth Magic    | 4 5 6 7 9 11 13 15 16 | 16.5
Spellcasting   | 3 4 5 6 7 8 9 |  9.6
Fighting       | 3 |  3.9
Armour         | 3 4 |  4.0
Staves         | 3 |  3.5
Dodging        | 3 |  3.5
Shields        | 3 |  3.9
Evocations     | 3 |  3.4
Stealth        | |  2.1
Transmutations | |  0.7

Action                     |  1- 3 |  4- 6 |  7- 9 | 10-12 || total
---------------------------+-------+-------+-------+-------++-------
  Melee: Unarmed           |    11 |       |       |       ||    11
         Club              |    11 |       |       |       ||    11
         Mace              |       |    27 |       |       ||    27
         Punch             |       |     1 |       |       ||     1
         Flail             |       |     1 |     8 |       ||     9
         Staff             |       |       |       |     7 ||     7
   Cast: Sandblast         |    19 |    46 |   155 |    68 ||   288
         Stone Arrow       |       |       |       |   226 ||   226
  Evoke: Wand              |       |       |       |     1 ||     1
    Use: Scroll            |       |       |    14 |     8 ||    22
         Potion            |       |       |     1 |    15 ||    16
 Armour: Robe              |     7 |     1 |    41 |    49 ||    98
  Dodge: Dodged            |    11 |     9 |    62 |    71 ||   153
  Block: Other             |       |     2 |    28 |    18 ||    48
         Reflection        |       |       |       |    10 ||    10
         Buckler           |       |       |       |    55 ||    55

Table legend: (Time is in decaauts)
 A = Elapsed time spent in this place.
 B = Non-inter-level travel time spent in this place.
 C = Inter-level travel time spent in this place.
 D = Time resting spent in this place.
 E = Time spent auto-exploring this place.
 F = Levels seen in this place.
 G = Mean time per level.
                   A        B        C        D        E       F      G
               +--------+--------+--------+--------+--------+-----+--------+
         Total |  13511 |  12831 |    680 |   1551 |   9400 |  14 |  965.1 |
       Dungeon |  11781 |  11143 |    638 |    739 |   8750 |  12 |  981.8 |
        Temple |    102 |     60 |     42 |      0 |     52 |   1 |  102.0 |
      Ice Cave |   1627 |   1627 |      0 |    812 |    598 |   1 | 1627.0 |
               +--------+--------+--------+--------+--------+-----+--------+

Top non-repeatable levels by time:
   IceCv: 1627 daAuts
    D:10: 1318 daAuts
     D:5: 1216 daAuts
     D:3: 1164 daAuts
     D:6: 1051 daAuts
     D:1: 1036 daAuts
    D:11: 986 daAuts
     D:8: 982 daAuts
     D:2: 954 daAuts
     D:9: 865 daAuts
     D:7: 860 daAuts
     D:4: 748 daAuts
    D:12: 597 daAuts
  Temple: 102 daAuts
